 Dungeon Crawl Stone Soup version 0.28.0-53-g5a82cb258f (webtiles) character file.

Game seed: 15392232969714599558

2565 doricub5 the Fighter (level 9, 85/85 HPs)
             Began as a Minotaur Fighter on July 22, 2022.
             Quit the game on level 7 of the Dungeon.
             The game lasted 00:23:15 (5323 turns).

doricub5 the Fighter (Minotaur Fighter)             Turns: 5323, Time: 00:23:15

Health: 85/85      AC: 13    Str: 31    XL:     9   Next: 31%
Magic:  8/8        EV:  8    Int: 11    God:
Gold:   431        SH:  5    Dex: 10    Spells: 8/8 levels left

rFire   . . .      SeeInvis .   C - +2 falchion "Qupnyoju" {freeze, Drain rC+ Str+6}
rCold   + . .      Faith    .   c - +0 buckler
rNeg    . . .      Spirit   .   v - +0 chain mail
rPois   .          Reflect  .   (helmet restricted)
rElec   .          Harm     .   E - +0 cloak
rCorr   .          Rampage  .   p - +0 pair of gloves
Will    .....                   (no boots)
Stlth   ..........              g - amulet of regeneration
HPRegen 1.04/turn               h - +6 ring of intelligence
MPRegen 0.11/turn               (no ring)

@: no status effects
A: horns 2, retaliatory headbutt
a: no special abilities


You were on level 7 of the Dungeon.
You visited 1 branch of the dungeon, and saw 7 of its levels.

You collected 431 gold pieces.

Inventory:

Hand Weapons
 a - a +1 long sword
 z - a +4 dire flail
 A - a +4 dagger of venom
 C - the +2 falchion "Qupnyoju" (weapon) {freeze, Drain rC+ Str+6}
   (You found it on level 6 of the Dungeon)

   It freezes those it strikes, dealing additional cold damage.
   It can also slow down cold-blooded creatures.
   Str:       It affects your strength (+6).
   rC:        It protects you from cold.
   Drain:     It drains your maximum health when unequipped.
 F - a +5 spear
Missiles
 s - 12 javelins (quivered)
Armour
 c - a +0 buckler (worn)
 p - a +0 pair of gloves (worn)
 v - a +0 chain mail (worn)
 E - a +0 cloak (worn)
Jewellery
 g - an amulet of regeneration (around neck)
 h - a +6 ring of intelligence (left hand)
 x - a ring of protection from cold
Wands
 r - a wand of flame (5)
Scrolls
 e - 5 scrolls of immolation
 j - a scroll of magic mapping
 k - 2 scrolls of summoning {unknown}
 l - a scroll of vulnerability {unknown}
 o - a scroll of fog {unknown}
 q - 2 scrolls of teleportation {unknown}
 w - a scroll of silence {unknown}
 y - 3 scrolls of fear {unknown}
 G - a scroll of brand weapon {unknown}
Potions
 b - a potion of ambrosia {unknown}
 d - 2 potions of might
 f - 3 potions of invisibility
 i - 2 potions of brilliance
 m - a potion of attraction {unknown}
 n - 2 potions of heal wounds {unknown}
 t - a potion of magic {unknown}
 u - 3 potions of curing {unknown}
 B - 2 potions of lignification {unknown}
 D - a potion of cancellation {unknown}


   Skills:
 * Level 10.1 Fighting
 - Level 2.4 Long Blades
 + Level 4.2 Throwing
 + Level 7.4 Armour
 + Level 7.5 Shields
 + Level 3.8 Evocations


You had 8 spell levels left.
You didn't know any spells.
Your spell library contained the following spells:

 Spells                   Type           Power      Damage    Failure   Level
 Cause Fear               Hex            0%         N/A       100%        4
 Dragon Form              Tmut           0%         N/A       100%        7
 Dragon's Call            Summ           0%         N/A       100%        9


Dungeon Overview and Level Annotations

Branches:
Dungeon (7/15)             Temple (0/1) D:6

Altars:
Cheibriados
Makhleb
Sif Muna
Trog
Vehumet
The Shining One

Annotations:
D:7 4 runed translucent doors


Innate Abilities, Weirdness & Mutations

You have a pair of horns on your head.
You reflexively headbutt those who attack you in melee.


Message History

You kill the orc!
You feel very sick.
No target in view!
No target in view!
No target in view!
No target in view!
No target in view!
No target in view!
No target in view!
No target in view!
No target in view!
You feel sick.
You feel sick.
You feel sick.
You feel sick.
You feel sick.
You feel sick.
You feel sick.
You are no longer poisoned.
HP restored.
Found 13 bolts.
Things that are here:
a +1 dagger of venom; an orc corpse You now have 431 gold pieces (gained 15).
A necrophage comes into view.
You block the necrophage's attack.
You hit the necrophage. You freeze the necrophage.
The necrophage is lightly damaged.
The necrophage barely misses you. You furiously retaliate!
You headbutt the necrophage! You barely miss the necrophage.
The necrophage is severely damaged.
You block the necrophage's attack.
You slash the necrophage! You freeze the necrophage.
You destroy the necrophage!
No target in view!
G - a scroll labelled QUGGIL YMOA Are you sure you want to abandon this character and quit the game? (Confirm with "yes".)
Okay, then.
Are you sure you want to abandon this character and quit the game? (Confirm with "yes".)

......#
#####.....#
#.........#
#.........#
#.........#
#.........###
#............
#............ .
#...@........
..##.....###....
...........# ...
...........# ..
...........###..
................
................
................
.
........###.....
#


There were no monsters in sight!

Vanquished Creatures
  Sigmund (D:4)
  A wraith (D:7)
  Eustachio (D:6)
  2 sky beasts
  2 orc warriors
  2 ogres
  2 necrophages
  An ice beast (D:6)
  A black bear (D:6)
  A centaur (D:7)
  A phantom (D:6)
  Blork the orc (D:6)
  9 wights
  A howler monkey (D:6)
  A bullfrog zombie (D:6)
  4 hounds
  A bullfrog skeleton (D:6)
  A centaur skeleton (D:7)
  A jelly (D:6)
  Crazy Yiuf (D:6)
  An iguana (D:5)
  3 orc wizards
  2 scorpion zombies (D:5)
  3 gnolls (D:3)
  7 adders
  A shadow imp (D:7)
  A white imp (D:6)
  2 worms
  15 orcs
  4 ball pythons
  2 bats (D:1)
  9 endoplasms
  3 giant cockroaches
  8 goblins
  5 hobgoblins
  2 frilled lizards
  6 kobolds
  5 rats
114 creatures vanquished.

Vanquished Creatures (others)
  3 fungi (D:2)
3 creatures vanquished.

Grand Total: 117 creatures vanquished

Notes
Turn   | Place    | Note
-------+----------+-------------------------------------------
     0 | D:1      | doricub5 the Minotaur Fighter began the quest for the Orb.
     0 | D:1      | Reached XP level 1. HP: 19/19 MP: 0/0
   266 | D:1      | Reached skill level 4 in Fighting
   273 | D:1      | Reached XP level 2. HP: 27/27 MP: 1/1
   755 | D:2      | Reached XP level 3. HP: 34/34 MP: 2/2
   923 | D:2      | Found a burning altar of Makhleb.
  1028 | D:2      | Found a faded altar of an unknown god.
  1173 | D:3      | Reached XP level 4. HP: 41/41 MP: 3/3
  1212 | D:3      | Reached skill level 5 in Fighting
  1761 | D:4      | Noticed Sigmund
  1775 | D:4      | Killed Sigmund
  1776 | D:4      | Reached skill level 6 in Fighting
  1776 | D:4      | Reached skill level 5 in Armour
  1776 | D:4      | Reached skill level 5 in Shields
  1776 | D:4      | Reached XP level 5. HP: 41/50 MP: 4/4
  2013 | D:4      | Reached XP level 6. HP: 58/58 MP: 5/5
  2150 | D:4      | Reached skill level 1 in Throwing
  2769 | D:5      | Entered Level 5 of the Dungeon
  2964 | D:5      | Reached skill level 7 in Fighting
  2964 | D:5      | Reached skill level 1 in Evocations
  3039 | D:5      | Reached XP level 7. HP: 63/66 MP: 6/6
  3519 | D:5      | Found a shimmering blue altar of Sif Muna.
  3536 | D:5      | Found a snail-covered altar of Cheibriados.
  3908 | D:6      | Reached skill level 8 in Fighting
  3916 | D:6      | Reached XP level 8. HP: 56/74 MP: 7/7
  4051 | D:6      | Identified the +2 falchion "Qupnyoju" {freeze, Drain rC+
                  | Str+6}
  4064 | D:6      | Noticed Eustachio
  4112 | D:6      | Killed Eustachio
  4129 | D:6      | Reached skill level 9 in Fighting
  4161 | D:6      | Found a staircase to the Ecumenical Temple.
  4480 | D:6      | Noticed Blork the orc
  4488 | D:6      | Killed Blork the orc
  4850 | D:6      | Found a runed translucent door.
  4851 | D:6      | Noticed Crazy Yiuf
  4856 | D:6      | Killed Crazy Yiuf
  4903 | D:6      | Found a glowing golden altar of the Shining One.
  4969 | D:7      | Found a bloodstained altar of Trog.
  4969 | D:7      | Found a radiant altar of Vehumet.
  5077 | D:7      | Reached XP level 9. HP: 73/82 MP: 8/8
  5158 | D:7      | Found a large runed translucent door.
  5158 | D:7      | Noticed a two-headed ogre
  5160 | D:7      | Found a large runed translucent door.
  5164 | D:7      | Found a large runed translucent door.
  5164 | D:7      | Found a large runed translucent door.
  5229 | D:7      | Reached skill level 10 in Fighting
  5323 | D:7      | Quit the game

Illustrated notes

Levels and vault maps discovered:
D:1:      ncdulo_watergridlock, layout_loops_ring
D:2:      layout_rooms, basic_altar, shapermc_ecumenical_altar_hornbeckon
D:3:      layout_basic, minmay_ruptured
D:4:      layout_basic, uniq_sigmund
D:5:      layout_loops_corners, mainiacjoe_overflow_swirl
D:6:      layout_layer_cave, tso_oasis_becter, minmay_temple_entry_large_hall,
          uniq_eustachio, uniq_blork_the_orc, uniq_crazy_yiuf_cottage
D:7:      layout_basic, jmf_multi_god_temple, minmay_hollow_rounded_squares

Skill      XL: |  1  2  3  4  5  6  7  8  9 |
---------------+----------------------------+-----
Fighting       | 4 6 7 8 9 10 | 10.1
Armour         | 4 5 6 7 |  7.4
Shields        | 4 5 6 7 |  7.5
Throwing       | 1 2 3 4 |  4.2
Evocations     | 1 2 3 |  3.8
Long Blades    | |  2.4

Action                   |  1- 3 |  4- 6 |  7- 9 || total
-------------------------+-------+-------+-------++-------
Melee: Long sword        |    60 |    75 |    22 ||   157
       Headbutt          |    11 |    11 |    33 ||    55
       Dire flail        |       |       |    25 ||    25
       Falchion          |       |       |   135 ||   135
Throw: Javelin           |       |       |     2 ||     2
Evoke: Wand              |       |       |     2 ||     2
  Use: Scroll            |     4 |     2 |       ||     6
       Potion            |       |       |     1 ||     1
Armor: Scale mail        |    24 |    19 |       ||    43
       Chain mail        |       |     9 |    96 ||   105
Dodge: Dodged            |    24 |    30 |    63 ||   117
Block: Buckler           |    14 |    16 |    41 ||    71
